[Event "Titled Tuesday Blitz December 7 2021"]
[White "Villalba, Marcelo"]
[Black "Narayanan, Srinath"]
[WhiteFideId "3701859"]
[BlackFideId "5018420"]
[WhiteElo "2160"]
[BlackElo "2472"]
[Result "1-0"]
[Round "03"]
[TimeControl "180+1"]
[Date "2021.12.07"]
[WhiteClock "0:01:00"]
[BlackClock "0:01:05"]

1. e4 c6 2. d4 d5 3. exd5 cxd5 4. Bd3 Nc6 5. c3 Nf6 6. Ne2 e5 7. dxe5 Nxe5 8. O-O Nxd3 9. Qxd3 Be7 10. Bg5 h6 11. Bh4 O-O 12. Nd2 Re8 13. Nd4 Bg4 14. Rfe1 Bh5 15. Nf5 g5 16. Nxh6+ Kf8 17. Bxg5 Qd7 18. Qd4 Kg7 19. Rxe7 Rxe7 20. Qxf6+ Kh7 21. Nf5 Qxf5 22. Qxf5+ Bg6 23. Qh3+ 1-0


[Site "https://www.chess.com"]

[Event "Titled Tuesday Blitz December 7 2021"]
[White "Vovk, Orest"]
[Black "Akbas, Umut Ata"]
[WhiteFideId "14113490"]
[BlackFideId "44572646"]
[WhiteElo "2203"]
[BlackElo "1590"]
[Result "1/2-1/2"]
[Round "03"]
[TimeControl "180+1"]
[Date "2021.12.07"]
[WhiteClock "0:00:05"]
[BlackClock "0:00:05"]

1. e4 g6 2. d4 Bg7 3. Be3 d6 4. Nc3 a6 5. Nf3 b5 6. a3 Bb7 7. Be2 Nf6 8. Nd2 e6 9. O-O Nbd7 10. f4 c5 11. e5 cxd4 12. Bxd4 Nd5 13. Nxd5 Bxd5 14. Bf3 Bxf3 15. Nxf3 dxe5 16. Nxe5 Nxe5 17. Bxe5 Bxe5 18. fxe5 Qxd1 19. Raxd1 Ke7 20. Rd2 Rad8 21. Rfd1 Rxd2 22. Rxd2 Rc8 23. c3 Rc4 24. Rd6 a5 25. Rd4 Rc5 26. Re4 Kd7 27. Rf4 Ke7 28. Re4 Rd5 29. Kf2 Rd2+ 30. Re2 Rd1 31. Ke3 a4 32. Rd2 Rxd2 33. Kxd2 f6 34. c4 bxc4 35. Kc3 fxe5 36. Kxc4 Kd6 37. b3 axb3 38. Kxb3 Kd5 39. Kc3 Ke4 40. a4 Ke3 41. a5 Kf2 42. Kd3 Kxg2 43. Ke4 Kxh2 44. a6 g5 45. a7 g4 46. a8=Q g3 47. Qa2+ Kh3 48. Qb3 h5 49. Qxe6+ Kh2 50. Qa2+ Kh3 51. Kf3 e4+ 52. Kxe4 g2 53. Qa1 Kh2 54. Qb2 Kh1 55. Kf3 g1=Q 56. Qf2 Qxf2+ 57. Kxf2 h4 58. Kf1 Kh2 59. Kf2 h3 60. Kf1 Kg3 61. Kg1 h2+ 62. Kh1 Kh3 1/2-1/2


[Site "https://www.chess.com"]

[Event "Titled Tuesday Blitz December 7 2021"]
[White "Weetik, Vjacheslav"]
[Black "Sarana, Alexey"]
[WhiteFideId "4153472"]
[BlackFideId "24133795"]
[WhiteElo "2469"]
[BlackElo "2672"]
[Result "0-1"]
[Round "03"]
[TimeControl "180+1"]
[Date "2021.12.07"]
[WhiteClock "0:00:03"]
[BlackClock "0:01:40"]

1. Nf3 d5 2. g3 Nf6 3. Bg2 g6 4. O-O Bg7 5. d4 c6 6. c4 dxc4 7. Ne5 Ng4 8. Nf3 b5 9. b3 cxb3 10. Qxb3 O-O 11. a4 a6 12. e4 Be6 13. Qc2 Nd7 14. Nbd2 Rc8 15. Bb2 Nb6 16. Ng5 Bd7 17. a5 Na4 18. Rxa4 bxa4 19. Nc4 c5 20. Nb6 cxd4 21. Nxc8 Qxc8 22. Qd2 Bb5 23. Rc1 Qd8 24. Nf3 e5 25. h3 Bh6 26. Qd1 Bxc1 27. Bxc1 Nf6 28. Nxe5 Re8 29. f4 d3 30. Bb2 Qxa5 31. Kh2 d2 32. g4 Rd8 33. g5 Be2 34. Qxe2 d1=Q 35. Qf2 Qad2 36. Qh4 Qxg2+ 37. Kxg2 Rd2+ 0-1


[Site "https://www.chess.com"]

[Event "Titled Tuesday Blitz December 7 2021"]
[White "Willow, Jonah B"]
[Black "Kosteniuk, Alexandra"]
[WhiteFideId "438804"]
[BlackFideId "4128125"]
[WhiteElo "2261"]
[BlackElo "2475"]
[Result "1-0"]
[Round "03"]
[TimeControl "180+1"]
[Date "2021.12.07"]
[WhiteClock "0:00:09"]
[BlackClock "0:00:02"]

1. e4 c6 2. d4 d5 3. Nc3 dxe4 4. Nxe4 Nf6 5. Nxf6+ exf6 6. c3 Bd6 7. Bd3 O-O 8. Ne2 Re8 9. Qc2 h5 10. O-O h4 11. h3 Nd7 12. Bf4 Nf8 13. Qd2 Ng6 14. Bxd6 Qxd6 15. Rad1 Be6 16. Bb1 Rad8 17. Qc2 Qd5 18. Rfe1 Qg5 19. Qd2 Qxd2 20. Rxd2 Bd5 21. Kf1 Re7 22. Bxg6 fxg6 23. Nf4 Bc4+ 24. Nd3 Rxe1+ 25. Kxe1 Bxa2 26. f3 Bc4 27. Kf2 g5 28. b3 Bxb3 29. Nc5 Bc4 30. Nxb7 Rd5 31. Rd1 Rb5 32. Nd6 Rb2+ 33. Kg1 Ba2 34. Re1 Rb1 35. Rxb1 Bxb1 36. Nb7 Bf5 37. Kf2 Kf8 38. Na5 Bd7 39. Ke3 Ke7 40. Ke4 Kd6 41. Nb7+ Kc7 42. Nc5 g6 43. c4 Bf5+ 44. Ke3 Kd6 45. Nb7+ Kc7 46. Nc5 Kb6 47. Kd2 Bc8 48. Ne4 g4 49. fxg4 f5 50. gxf5 Bxf5 51. Nc5 a5 52. Ke3 g5 53. Kf3 Bc8 54. Na4+ Kc7 55. Nc5 Kd6 56. Ke4 g4 57. hxg4 Bxg4 58. Nb7+ Ke6 59. Nxa5 Kd6 60. Nb3 Be2 61. Nd2 Bg4 62. Kf4 Bc8 63. Ne4+ Kc7 64. Ng5 Bd7 65. Ke5 Bg4 66. c5 Kd7 67. Kf4 Be2 68. Nf3 Ke6 69. Nxh4 Kd5 70. Ke3 Bg4 71. Nf3 Bh5 72. Ng5 Bg4 73. Ne4 Bf5 74. Nf6+ Ke6 75. Nh5 Kd5 76. Nf4+ Kc4 77. Ne2 Kd5 78. Ng3 Bg4 79. Ne4 Bf5 80. Nf6+ Ke6 81. Ne8 Kd5 82. Nc7+ Kc4 83. Na6 Bd7 84. Ke4 Bg4 85. Ke5 Bd7 86. Nb8 Be8 87. g4 Bd7 88. Nxd7 1-0


[Site "https://www.chess.com"]

[Event "Titled Tuesday Blitz December 7 2021"]
[White "Xiong, Jeffery"]
[Black "Vakhlamov, Igor L."]
[WhiteFideId "2047640"]
[BlackFideId "24126748"]
[WhiteElo "2727"]
[BlackElo "2416"]
[Result "1-0"]
[Round "03"]
[TimeControl "180+1"]
[Date "2021.12.07"]
[WhiteClock "0:00:20"]
[BlackClock "0:00:01"]

1. d4 d5 2. c4 c6 3. Nf3 Nf6 4. cxd5 cxd5 5. Nc3 Nc6 6. Bf4 a6 7. Rc1 Ne4 8. g3 Nxc3 9. bxc3 Bf5 10. Bg2 e6 11. c4 Ba3 12. cxd5 exd5 13. Nh4 Bxc1 14. Nxf5 Bxf4 15. gxf4 g6 16. Ne3 Qa5+ 17. Kf1 Rd8 18. f5 O-O 19. h4 Qc3 20. h5 Qxd4 21. Qc1 g5 22. h6 f6 23. Rh3 Rfe8 24. Nxd5 Nb4 25. Ne3 Nxa2 26. Qb1 Nc3 27. Qb3+ Kh8 28. Bf3 Nd1 29. Ng4 Re7 30. Kg2 Re4 31. Bxe4 Qxe4+ 32. Qf3 Nc3 33. Nxf6 Qxf3+ 34. Rxf3 Nxe2 35. Re3 Nf4+ 36. Kh2 Rf8 37. Re7 1-0


[Site "https://www.chess.com"]

[Event "Titled Tuesday Blitz December 7 2021"]
[White "Yang, Kaiqi"]
[Black "Shipov, Sergei"]
[WhiteFideId "8604398"]
[BlackFideId "4113624"]
[WhiteElo "2373"]
[BlackElo "2759"]
[Result "0-1"]
[Round "03"]
[TimeControl "180+1"]
[Date "2021.12.07"]
[WhiteClock "0:00:02"]
[BlackClock "0:01:15"]

1. e4 e6 2. d4 d5 3. e5 c5 4. c3 Nc6 5. Nf3 Bd7 6. Bd3 cxd4 7. O-O Qb6 8. Re1 Nge7 9. h4 Rc8 10. h5 h6 11. Nbd2 dxc3 12. bxc3 Na5 13. Rb1 Qc7 14. Nb3 Nc4 15. Nbd4 a6 16. Qe2 b5 17. Bf4 Nb6 18. Rec1 Na4 19. Bd2 Nc6 20. Qe3 Na5 21. Qf4 Nc4 22. Be1 Ba3 23. Rc2 Nc5 24. Bf1 Ne4 25. Qg4 Bf8 26. Rb3 Nxe5 27. Nxe5 Qxe5 28. f3 Nf6 29. Qh4 Bd6 30. g4 O-O 31. Re2 Qf4 32. Bd2 Qg3+ 33. Qxg3 Bxg3 34. Kg2 Bd6 35. Re1 Rc7 36. Bd3 Rfc8 37. f4 Nxg4 38. Kf3 Nf6 39. Rg1 Kf8 40. Rbb1 Nxh5 41. Rg2 Rxc3 42. Bxc3 Rxc3 43. Rd2 Nxf4 44. Ke3 e5 45. Ne2 Nxe2 46. Kxe2 Bg4+ 0-1


[Site "https://www.chess.com"]

[Event "Titled Tuesday Blitz December 7 2021"]
[White "Yoo, Christopher Woojin"]
[Black "Leitao, Rafael"]
[WhiteFideId "30909694"]
[BlackFideId "2101246"]
[WhiteElo "2105"]
[BlackElo "2609"]
[Result "1-0"]
[Round "03"]
[TimeControl "180+1"]
[Date "2021.12.07"]
[WhiteClock "0:00:01"]
[BlackClock "0:00:08"]

1. e4 e5 2. Nf3 Nc6 3. Bb5 a6 4. Ba4 Nf6 5. d4 exd4 6. O-O Be7 7. e5 Ne4 8. Nxd4 Nc5 9. Nf5 O-O 10. Qg4 g6 11. Bxc6 dxc6 12. Nxe7+ Qxe7 13. Qg3 f5 14. Bg5 Qf7 15. Nd2 Ne6 16. Bf6 h6 17. h4 Kh7 18. Nf3 f4 19. Qh2 Kg8 20. Rad1 b6 21. Rd2 Bd7 22. Rfd1 Be8 23. c4 c5 24. Qh3 Bc6 25. h5 gxh5 26. Nh4 Nd4 27. Nf5 Nxf5 28. Qxf5 Rae8 29. Rd3 h4 30. Rh3 Rxe5 31. Qxe5 Qxf6 32. Qxc7 Qg6 33. f3 Rf7 34. Qd8+ Kh7 35. Qxh4 Rg7 36. Rd2 Bd7 37. Rh1 Qb1+ 38. Kh2 Qg6 39. Qxf4 Qh5+ 40. Kg1 Qg6 41. Rh2 Qb1+ 42. Kf2 Qg6 43. g4 Rf7 44. Rxh6+ 1-0


[Site "https://www.chess.com"]

[Event "Titled Tuesday Blitz December 7 2021"]
[White "Zarubitski, Viachaslau"]
[Black "Navalgund, Niranjan"]
[WhiteFideId "13509373"]
[BlackFideId "5030854"]
[WhiteElo "2325"]
[BlackElo "2290"]
[Result "1/2-1/2"]
[Round "03"]
[TimeControl "180+1"]
[Date "2021.12.07"]
[WhiteClock "0:00:05"]
[BlackClock "0:00:16"]

1. Nf3 Nf6 2. g3 b6 3. Bg2 Bb7 4. O-O c5 5. c3 g6 6. d4 Bg7 7. Bg5 O-O 8. Bxf6 Bxf6 9. e3 d6 10. Nbd2 Nd7 11. a4 a6 12. Re1 Bg7 13. Qb3 Rb8 14. Qa3 b5 15. b4 Qc7 16. axb5 axb5 17. Qa5 Qc8 18. Rec1 Bc6 19. Qa3 c4 20. Qb2 Nb6 21. Qc2 Qb7 22. Re1 Ra8 23. e4 Rxa1 24. Rxa1 e6 25. Re1 Ra8 26. h4 Qa6 27. h5 Qa2 28. Qc1 Na4 29. hxg6 hxg6 30. Ng5 Bh6 31. Ndf3 Qb2 32. Qxb2 Nxb2 33. d5 exd5 34. Nd4 Bd7 35. f4 Nd3 36. Rb1 dxe4 37. Nxe4 Kg7 38. Nxd6 Ra2 39. N6xb5 g5 40. Nd6 gxf4 41. N6f5+ Kg6 42. Be4 Kg5 43. Nxh6 Kxh6 44. gxf4 Nxf4 45. b5 f5 46. Bc2 Bc8 47. b6 Bb7 48. Nxf5+ Kg5 49. Nd4 Kh4 50. Kf2 Nd5 51. Nf3+ Kg4 52. Nd4 Nxc3 53. Rb4 Ne4+ 54. Ke3 Nd6 55. Rb1 Ra3+ 56. Kd2 c3+ 57. Ke3 Nc4+ 58. Kd3 Ba6 59. Ke4 Nd2+ 60. Kd5 Nxb1 61. Bxb1 Ra1 62. Bf5+ Kf4 63. Bg6 Bb7+ 64. Kd6 Rd1 65. Kc5 Rc1 66. Ne2+ Kg5 67. Nxc1 Kxg6 68. Kd6 Kf7 69. Kc7 Be4 70. Ne2 c2 71. b7 Bxb7 72. Kxb7 Ke6 73. Kc6 Ke5 74. Kc5 Ke4 75. Kc4 c1=Q+ 76. Nxc1 1/2-1/2


[Site "https://www.chess.com"]

[Event "Titled Tuesday Blitz December 7 2021"]
[White "Zierk, Steven"]
[Black "Najdin, Danil"]
[WhiteFideId "2034255"]
[BlackFideId "4172426"]
[WhiteElo "2494"]
[BlackElo "2240"]
[Result "1-0"]
[Round "03"]
[TimeControl "180+1"]
[Date "2021.12.07"]
[WhiteClock "0:01:30"]
[BlackClock "0:01:08"]

1. b3 e5 2. Bb2 Nc6 3. c4 Nf6 4. e3 d5 5. cxd5 Nxd5 6. a3 Be6 7. Qc2 a6 8. Nf3 f6 9. b4 Be7 10. Bc4 Qd7 11. d4 exd4 12. Nxd4 Nxd4 13. Bxd4 c6 14. Nd2 Nc7 15. Bd3 Nb5 16. Nf3 Nxd4 17. Nxd4 g6 18. O-O Bf7 19. Rfd1 O-O 20. Bc4 Rad8 21. Ne6 Qc8 22. Rxd8 Bxd8 23. Nxf8 Kxf8 24. Bxf7 Kxf7 25. Rd1 Be7 26. Qc4+ Qe6 27. Qxe6+ Kxe6 28. Kf1 c5 29. bxc5 Bxc5 30. a4 Bd6 31. Rb1 1-0


[Site "https://www.chess.com"]

[Event "Titled Tuesday Blitz December 7 2021"]
[White "Adly, Ahmed"]
[Black "Silich, Yahor"]
[WhiteFideId "10601619"]
[BlackFideId "13513656"]
[WhiteElo "2656"]
[BlackElo "2070"]
[Result "1-0"]
[Round "04"]
[TimeControl "180+1"]
[Date "2021.12.07"]
[WhiteClock "0:01:39"]
[BlackClock "0:00:09"]

1. Nf3 Nf6 2. d4 g6 3. c4 Bg7 4. g3 O-O 5. Bg2 d6 6. O-O Nbd7 7. Nc3 e5 8. dxe5 dxe5 9. h3 c6 10. Be3 Qe7 11. Qc1 Re8 12. Rd1 Nc5 13. b4 Nce4 14. Nxe4 Nxe4 15. b5 Be6 16. bxc6 bxc6 17. Ne1 f5 18. h4 Nf6 19. Bxc6 f4 20. Bxa8 Rxa8 21. gxf4 Ng4 22. Ng2 exf4 23. Bd4 Bxd4 24. Rxd4 f3 25. exf3 Ne5 26. Qe3 Qc5 27. Re4 Qxe3 28. Rxe3 1-0


[Site "https://www.chess.com"]

[Event "Titled Tuesday Blitz December 7 2021"]
[White "Akbas, Umut Ata"]
[Black "Bouget, Alexandre"]
[WhiteFideId "44572646"]
[BlackFideId "681318"]
[WhiteElo "1590"]
[BlackElo "2178"]
[Result "1-0"]
[Round "04"]
[TimeControl "180+1"]
[Date "2021.12.07"]
[WhiteClock "0:00:06"]
[BlackClock "0:00:03"]

1. e4 e6 2. d4 d5 3. exd5 exd5 4. Bd3 Nc6 5. c3 Nf6 6. Nf3 Bg4 7. Nbd2 Qd7 8. h3 Bh5 9. Nf1 O-O-O 10. Be3 Bd6 11. Qc2 Kb8 12. g4 Bg6 13. O-O-O Rhe8 14. N1d2 Ne4 15. Nh4 Nxd2 16. Nxg6 Nc4 17. Bxc4 dxc4 18. Ne5 Bxe5 19. dxe5 Qe6 20. Rxd8+ Rxd8 21. Bg5 Rd3 22. Re1 f6 23. Bf4 fxe5 24. Bg3 Qd5 25. Qe2 e4 26. Bf4 b5 27. Qxe4 Rd1+ 28. Kc2 Qd3+ 29. Qxd3 Rxd3 30. Bg3 Kb7 31. Re8 Rd7 32. Rf8 g6 33. Rf6 Re7 34. a4 Re2+ 35. Kb1 bxa4 36. Rf4 Ne5 37. Rd4 Nd3 38. Rxc4 Rxb2+ 39. Ka1 a3 40. Ra4 Rb3 41. Ka2 Nc1+ 42. Ka1 a2 43. Rb4+ 1-0


[Site "https://www.chess.com"]

[Event "Titled Tuesday Blitz December 7 2021"]
[White "Aldokhin, Ivan"]
[Black "Durarbayli, Vasif"]
[WhiteFideId "24115720"]
[BlackFideId "13402935"]
[WhiteElo "2231"]
[BlackElo "2599"]
[Result "0-1"]
[Round "04"]
[TimeControl "180+1"]
[Date "2021.12.07"]
[WhiteClock "0:00:03"]
[BlackClock "0:00:07"]

1. e4 c5 2. Nf3 d6 3. d4 cxd4 4. Nxd4 Nf6 5. Nc3 Nc6 6. h3 a6 7. g4 e5 8. Nf5 h5 9. Bg2 hxg4 10. hxg4 Rxh1+ 11. Bxh1 g6 12. Ne3 Nd4 13. Ncd5 Nxd5 14. Nxd5 Qh4 15. Bg2 Bxg4 16. Qd3 Rc8 17. c3 Ne6 18. Be3 f5 19. exf5 Bxf5 20. Qe2 Kf7 21. O-O-O Qa4 22. Nb6 Qxa2 23. Nxc8 Qa1+ 24. Kd2 Qxb2+ 25. Ke1 Qxc3+ 26. Kf1 Qxc8 27. Qf3 e4 28. Qe2 b5 29. Bc1 Qb7 30. Bb2 d5 31. Qd2 Be7 32. Qxd5 Qxd5 33. Rxd5 Nf4 34. Rd2 Nd3 35. Bd4 b4 36. Re2 Nf4 37. Rc2 Nxg2 38. Kxg2 e3 39. Rb2 exf2 40. Kxf2 Ke6 41. Bb6 Kd5 42. Ba5 Kc4 43. Rd2 Bc5+ 44. Kf3 b3 45. Kf4 Bd4 46. Rg2 b2 47. Rxb2 Bxb2 48. Kg5 Bd4 0-1


[Site "https://www.chess.com"]

[Event "Titled Tuesday Blitz December 7 2021"]
[White "Alinasab, Mobina"]
[Black "Torres Cueto, Jesus Marcial"]
[WhiteFideId "12528897"]
[BlackFideId "4415280"]
[WhiteElo "2061"]
[BlackElo "2059"]
[Result "1-0"]
[Round "04"]
[TimeControl "180+1"]
[Date "2021.12.07"]
[WhiteClock "0:02:02"]
[BlackClock "0:02:10"]

1. e4 e6 2. d4 d5 3. Nc3 Bb4 4. Qd3 Nf6 5. e5 Nfd7 6. a3 Be7 7. Qg3 g6 8. Bh6 Bf8 9. Bg5 Be7 10. Bh6 Bf8 11. Bxf8 Kxf8 12. h4 h5 13. Qf4 c5 14. Nb5 Kg7 15. Nd6 Rf8 16. g4 hxg4 17. h5 g5 18. h6+ Kh7 19. Bd3+ Kh8 20. Qxf7 1-0


[Site "https://www.chess.com"]

[Event "Titled Tuesday Blitz December 7 2021"]
[White "Aradhya, Garg"]
[Black "Demchenko, Anton"]
[WhiteFideId "25006746"]
[BlackFideId "4160258"]
[WhiteElo "2176"]
[BlackElo "2531"]
[Result "1-0"]
[Round "04"]
[TimeControl "180+1"]
[Date "2021.12.07"]
[WhiteClock "0:01:11"]
[BlackClock "0:00:01"]

1. d4 d5 2. c4 dxc4 3. e3 Nf6 4. Bxc4 e6 5. Nf3 Be7 6. O-O a6 7. b3 O-O 8. Bb2 b6 9. Nbd2 Bb7 10. Rc1 Nbd7 11. Qe2 c5 12. Rfd1 Qb8 13. Bd3 Rd8 14. Nc4 cxd4 15. Bxd4 Bd5 16. e4 Bxc4 17. Rxc4 Bc5 18. e5 Nd5 19. Bxh7+ Kf8 20. Be4 Bxd4 21. Bxd5 Bxf2+ 22. Qxf2 exd5 23. Rxd5 Kg8 24. Rcd4 Qc7 25. Qd2 1-0


[Site "https://www.chess.com"]

[Event "Titled Tuesday Blitz December 7 2021"]
[White "Arencibia Monduy, Antonio"]
[Black "Degtiarev, Evgeny"]
[WhiteFideId "3507939"]
[BlackFideId "4149610"]
[WhiteElo "2595"]
[BlackElo "2218"]
[Result "1-0"]
[Round "04"]
[TimeControl "180+1"]
[Date "2021.12.07"]
[WhiteClock "0:00:32"]
[BlackClock "0:00:01"]

1. c4 e5 2. Nf3 Nc6 3. g3 Nf6 4. d3 Bc5 5. Bg2 O-O 6. O-O Re8 7. Nc3 h6 8. a3 a5 9. Rb1 Bf8 10. e3 d5 11. cxd5 Nxd5 12. Qc2 Nb6 13. b3 Bf5 14. Rd1 Qd7 15. Bb2 Rad8 16. Ne4 Qc8 17. Rbc1 f6 18. Nfd2 Bg4 19. f3 Be6 20. Nf2 Nd5 21. Re1 Nb6 22. Nde4 Rd5 23. f4 Rd7 24. fxe5 fxe5 25. Rf1 Rf7 26. Nd2 Bd5 27. Nfe4 Rxf1+ 28. Rxf1 Be7 29. Nc4 Qe6 30. Qd2 a4 31. Nxb6 cxb6 32. bxa4 Ra8 33. Qd1 Bb3 34. Qh5 Bxa4 35. Bh3 Qd5 36. Qg6 Bb3 37. Bf5 Bg5 38. Qh7+ Kf8 39. Be6+ Ke7 40. Bxd5 1-0


[Site "https://www.chess.com"]

[Event "Titled Tuesday Blitz December 7 2021"]
[White "Babazada, Khazar"]
[Black "Halkias, Stelios"]
[WhiteFideId "13413554"]
[BlackFideId "4201809"]
[WhiteElo "2302"]
[BlackElo "2575"]
[Result "1-0"]
[Round "04"]
[TimeControl "180+1"]
[Date "2021.12.07"]
[WhiteClock "0:00:55"]
[BlackClock "0:00:13"]

1. e4 c5 2. Nf3 d6 3. d4 cxd4 4. Nxd4 Nf6 5. Nc3 a6 6. h3 e5 7. Nf3 Nbd7 8. g3 Nc5 9. Nd2 b5 10. Bg2 Bb7 11. O-O h5 12. Qe2 Rc8 13. a3 Be7 14. Nd5 Ne6 15. c3 h4 16. Nxf6+ Bxf6 17. Nf3 Qc7 18. Bd2 Nc5 19. Nxh4 Bxh4 20. gxh4 Rxh4 21. f4 Nb3 22. Rad1 Qc4 23. Qf2 Nxd2 24. Qxh4 Nxf1 25. Rxf1 f6 26. Qh5+ Ke7 27. Qg6 Qf7 28. Qg4 Rc4 29. Rd1 f5 30. exf5 Bxg2 31. Qxg2 Rxf4 32. Qb7+ Kf8 33. Qb8+ Qe8 34. Qxd6+ Kg8 35. Qg6 Qe7 36. Kh2 Rf2+ 37. Kg3 Rf4 38. Qe6+ Qxe6 39. fxe6 Kf8 40. Rd6 a5 41. Rd5 Re4 42. Rxb5 Ke7 43. Rxa5 Kxe6 44. Rb5 Re2 45. a4 e4 46. a5 Re1 47. Kf2 Ra1 48. Ke3 Ra4 49. b4 Ra3 50. Kxe4 Rxc3 51. a6 Rc4+ 52. Kd3 Rc7 53. Rb7 Rc6 54. b5 Rd6+ 55. Kc4 1-0


[Site "https://www.chess.com"]

[Event "Titled Tuesday Blitz December 7 2021"]
[White "Baches Garcia, Guillermo"]
[Black "Belyakov, Bogdan"]
[WhiteFideId "2209764"]
[BlackFideId "24104795"]
[WhiteElo "2458"]
[BlackElo "2407"]
[Result "0-1"]
[Round "04"]
[TimeControl "180+1"]
[Date "2021.12.07"]
[WhiteClock "0:00:13"]
[BlackClock "0:00:28"]

1. e4 e5 2. Nf3 Nc6 3. Nc3 Nf6 4. d4 exd4 5. Nxd4 Bb4 6. Nxc6 bxc6 7. Bd3 d5 8. Bd2 O-O 9. O-O Bxc3 10. Bxc3 Nxe4 11. Bxe4 dxe4 12. Qe2 Re8 13. Rad1 Qg5 14. Qe3 Qxe3 15. fxe3 Be6 16. a3 c5 17. Rf4 f5 18. h4 h5 19. Kh2 Rad8 20. Rff1 Kf7 21. Kg3 c6 22. Kf4 Rd5 23. Rd2 Rh8 24. Rxd5 cxd5 25. Ke5 Rd8 26. Rd1 g6 27. g3 Rd7 28. b4 cxb4 29. axb4 Rc7 30. Bd4 a6 31. Ra1 Bc8 32. c3 Bb7 33. Ra5 Rc6 34. Rc5 Re6+ 35. Kf4 Bc6 36. Be5 Ke7 37. Bd4 Kd6 38. Bg7 Re8 39. Bd4 Re6 40. Bg7 Kd7 41. Bd4 Kc8 42. Bg7 Kb7 43. Bd4 Kc7 44. Bg7 Kd6 45. Bd4 Re8 46. Bg7 Bd7 47. Bd4 Ke6 48. Rc7 Rc8 49. Rxc8 Bxc8 50. Bc5 Bd7 51. Bd4 Be8 52. Bc5 Kd7 53. Bd4 Kc6 54. Be5 Kb5 55. Bd4 Kc4 56. Be5 Kd3 57. Bd4 Ke2 58. Be5 Kf2 59. Bd4 Kg2 60. Be5 Kh3 61. Bd4 Bd7 62. Be5 Bc6 63. Kg5 Be8 64. Bf4 Kg2 65. Kf6 Kf3 66. Ke6 Bc6 67. Kd6 Bb7 68. Kc7 Ba8 69. Kb6 Ke2 70. Kxa6 Kd3 71. b5 Kxc3 72. b6 d4 73. Be5 Kd3 74. Bxd4 Ke2 75. b7 Bxb7+ 76. Kxb7 Kf3 77. Kc6 Kxg3 78. Kd5 Kxh4 79. Ke5 Kg4 80. Bc3 h4 0-1


[Site "https://www.chess.com"]

[Event "Titled Tuesday Blitz December 7 2021"]
[White "Baskin, Robert"]
[Black "Fajdetic, Hrvoje"]
[WhiteFideId "24662402"]
[BlackFideId "14501945"]
[WhiteElo "2488"]
[BlackElo "2140"]
[Result "1-0"]
[Round "04"]
[TimeControl "180+1"]
[Date "2021.12.07"]
[WhiteClock "0:00:12"]
[BlackClock "0:00:21"]

1. e4 e6 2. d4 d5 3. Nc3 dxe4 4. Nxe4 Nd7 5. Nf3 Ngf6 6. Bg5 Be7 7. Nxf6+ Bxf6 8. h4 h6 9. Bxf6 Qxf6 10. Qd2 c5 11. O-O-O a6 12. Qe3 cxd4 13. Rxd4 h5 14. Bd3 Nc5 15. Rd1 Nxd3+ 16. R1xd3 O-O 17. g4 hxg4 18. Ne5 Qh6 19. Qxh6 gxh6 20. Rxg4+ Kh7 21. Rdg3 b5 22. Rg7+ Kh8 23. Nxf7+ Rxf7 24. Rxf7 e5 25. Rf8+ Kh7 26. h5 Bb7 27. Rf7+ 1-0


[Site "https://www.chess.com"]

[Event "Titled Tuesday Blitz December 7 2021"]
[White "Blohberger, Felix"]
[Black "Topalov, Aleksandar"]
[WhiteFideId "1632051"]
[BlackFideId "925659"]
[WhiteElo "2416"]
[BlackElo "2179"]
[Result "1-0"]
[Round "04"]
[TimeControl "180+1"]
[Date "2021.12.07"]
[WhiteClock "0:00:16"]
[BlackClock "0:00:02"]

1. d4 Nf6 2. Nf3 b6 3. Bf4 Bb7 4. e3 d6 5. Be2 Nbd7 6. O-O g6 7. h3 Bg7 8. c4 O-O 9. Nc3 Ne4 10. Nxe4 Bxe4 11. Nd2 Bb7 12. Bf3 Qc8 13. Bh2 e5 14. dxe5 Nxe5 15. Bxb7 Qxb7 16. Qc2 Nd7 17. Rad1 Rfe8 18. Nb1 Qc6 19. b3 Qe4 20. Qxe4 Rxe4 21. Rc1 a5 22. Nc3 Bxc3 23. Rxc3 a4 24. b4 Re6 25. Rd1 Nf6 26. f3 Nd7 27. e4 f5 28. exf5 gxf5 29. Kf2 Rae8 30. Rc2 Ne5 31. Rd5 Kf7 32. f4 Nxc4 33. Rxf5+ Kg6 34. Rg5+ Kf6 35. Rxc4 h6 36. Rg3 Re2+ 37. Kf3 R8e3+ 38. Kg4 Re8 39. Rxc7 Rg8+ 40. Kf3 Rge8 41. Bg1 Rxa2 42. Bd4+ Ke6 43. Rg6+ Kd5 44. Bxb6 Ra3+ 45. Kg4 Re2 46. Kh5 Rf2 47. Bxf2 1-0


[Site "https://www.chess.com"]

[Event "Titled Tuesday Blitz December 7 2021"]
[White "Bortnyk, Olexandr"]
[Black "Matinian, Nikita"]
[WhiteFideId "14120828"]
[BlackFideId "24129100"]
[WhiteElo "2723"]
[BlackElo "2422"]
[Result "1-0"]
[Round "04"]
[TimeControl "180+1"]
[Date "2021.12.07"]
[WhiteClock "0:00:04"]
[BlackClock "0:00:01"]

1. e4 e5 2. Nf3 Nc6 3. Bb5 a6 4. Ba4 Nf6 5. O-O Be7 6. Nc3 b5 7. Bb3 O-O 8. Re1 d6 9. a4 Rb8 10. axb5 axb5 11. Nd5 b4 12. d4 Bg4 13. dxe5 Nxe5 14. Nxe5 Bxd1 15. Nc6 Nxd5 16. Nxd8 Bxd8 17. Rxd1 Nb6 18. Ra7 Ra8 19. Rxa8 Nxa8 20. Rd4 Bf6 21. Rxb4 Nb6 22. c3 Ra8 23. f4 Ra1 24. Kf2 Rxc1 25. Rb5 Kf8 26. g3 g6 27. h4 h5 28. Ke3 Ke7 29. Kf3 Bg7 30. Kf2 Rb1 31. Bc2 Rh1 32. Kg2 Rc1 33. Bb3 Ra1 34. Kf3 Ra7 35. g4 hxg4+ 36. Kxg4 Nd7 37. Kf3 Nc5 38. Bd5 Ra1 39. Rb8 Rb1 40. Rc8 Kd7 41. Rg8 Bf6 42. Bxf7 Bxh4 43. b4 Na4 44. Be8+ Ke7 45. Bxa4 Rc1 46. Rxg6 Rxc3+ 47. Kg4 Be1 48. Kf5 Rc4 49. Rg7+ Kd8 50. Ke6 Rxe4+ 51. Kd5 Rd4+ 52. Kxd4 1-0


[Site "https://www.chess.com"]

[Event "Titled Tuesday Blitz December 7 2021"]
[White "Butti, Enrique"]
[Black "Budrewicz, Krzysztof"]
[WhiteFideId "3700470"]
[BlackFideId "1127950"]
[WhiteElo "2080"]
[BlackElo "2242"]
[Result "1/2-1/2"]
[Round "04"]
[TimeControl "180+1"]
[Date "2021.12.07"]
[WhiteClock "0:00:33"]
[BlackClock "0:00:27"]

1. d4 Nf6 2. Nf3 g6 3. c4 Bg7 4. Nc3 O-O 5. Bg5 d6 6. e3 h6 7. Bh4 c5 8. Be2 Bg4 9. O-O Nc6 10. d5 Na5 11. Nd2 Bxe2 12. Qxe2 a6 13. a4 Qb6 14. Ra2 Rfe8 15. f4 Nb3 16. Bxf6 Bxf6 17. Nde4 Bg7 18. f5 Qb4 19. fxg6 fxg6 20. Qg4 Rf8 21. Rxf8+ Rxf8 22. Qxg6 Qxc4 23. h3 Qf1+ 24. Kh2 Qf5 25. Qxf5 Rxf5 26. Ra3 c4 27. a5 Bxc3 28. Nxc3 Rf2 29. Ra4 Rxb2 30. Rxc4 Nxa5 31. Rc7 Kf7 32. Ne4 Rb5 33. Nxd6+ Kf6 34. Nxb5 axb5 35. Rc5 Nc4 36. Rxb5 Nxe3 37. Kg3 Ke5 38. Rxb7 Nxd5 39. Kf3 Kf6 40. Ke4 Nc3+ 41. Kd4 Ne2+ 42. Ke3 Ng3 43. Kf3 Nf5 44. Rb6+ e6 45. g4 Nh4+ 46. Kg3 Ng6 47. h4 Ne5 48. Rb8 Nd7 49. Rd8 Nb6 50. h5 Nd5 51. Rg8 Ne7 52. Rf8+ Kg7 53. Ra8 Kf6 54. Kf4 Nd5+ 55. Ke4 Nc3+ 56. Kd3 Nd5 57. Kd4 Nf4 58. Ke4 Nh3 59. Rg8 Ng5+ 60. Kf4 Nf7 61. Rg6+ Ke7 62. Ke4 Nd6+ 63. Ke5 Nf7+ 64. Kd4 Kd6 65. Rf6 Ke7 66. Rg6 Kd6 67. Rg7 Ke7 68. Ke4 Kf8 69. Rg6 Ke7 70. Kf4 Kd7 71. Rg7 Ke7 72. Rxf7+ Kxf7 73. Ke5 Ke7 74. Kd4 Kf6 75. Ke4 Kg5 76. Ke5 Kxg4 77. Kxe6 Kxh5 78. Kf5 Kh4 79. Kf4 Kh3 80. Kf3 h5 81. Kf2 Kh2 82. Kf1 h4 83. Kf2 Kh1 84. Kf1 h3 85. Kf2 h2 86. Kf1 1/2-1/2


[Site "https://www.chess.com"]

[Event "Titled Tuesday Blitz December 7 2021"]
[White "Csonka, Balazs"]
[Black "Makarian, Rudik"]
[WhiteFideId "742910"]
[BlackFideId "44105681"]
[WhiteElo "2404"]
[BlackElo "2486"]
[Result "0-1"]
[Round "04"]
[TimeControl "180+1"]
[Date "2021.12.07"]
[WhiteClock "0:00:02"]
[BlackClock "0:01:09"]

1. d4 Nf6 2. Bg5 c5 3. d5 g6 4. Nc3 Bg7 5. e4 d6 6. Qd2 h6 7. Be3 Nbd7 8. f3 Rb8 9. Nh3 a6 10. a4 Ne5 11. Nf2 h5 12. Be2 Bd7 13. a5 b5 14. axb6 Rxb6 15. Ra2 Bb5 16. O-O O-O 17. Rfa1 Qb8 18. Nxb5 axb5 19. b4 Nfd7 20. bxc5 Nxc5 21. Bd4 b4 22. Rb1 b3 23. Rab2 bxc2 24. Qxc2 Rxb2 25. Rxb2 Qc8 26. Bxc5 dxc5 27. Rb1 c4 28. Rc1 Bh6 29. Rd1 c3 30. g3 Be3 31. Kg2 Bxf2 32. Kxf2 Qc5+ 33. Kg2 Rb8 34. Rb1 Rxb1 35. Qxb1 c2 36. Qc1 Qc3 37. f4 Ng4 38. Bxg4 hxg4 39. e5 Qf3+ 40. Kg1 Qd1+ 0-1


[Site "https://www.chess.com"]